 Dungeon Crawl Stone Soup version 0.31-a0-726-g3c93526 (webtiles) character file.

Game seed: 6843192377230182206

33290 BarneyGumball the Illuminatus (level 13, -20/109 HPs)
             Began as a Gnoll Wanderer on Sept 10, 2023.
             Was an Elder of Ashenzari.
             Demolished by an enormous slime creature (54 damage)
             ... on level 12 of the Dungeon.
             The game lasted 01:19:50 (18956 turns).

BarneyGumball the Illuminatus (Gnoll Wanderer)     Turns: 18956, Time: 01:19:50

Health: -20/109    AC: 31    Str: 14    XL:     13   Next: 70%
Magic:  29/29      EV:  6    Int: 13    God:    Ashenzari [****..]
Gold:   518        SH: 12    Dex: 16    Spells: 31/37 levels left

rFire   + . .        a - +3 long sword (freeze)
rCold   . . .        K - +0 kite shield
rNeg    . . .        F - +7 plate armour "Distant Asceticism" {Dex+3, Fort, Self} (curse)
rPois   .            I - +2 helmet "Soothsayer of Ashenzari" {Bglg, Melee} (curse)
rElec   .            u - scarf of the Ensconced Empyrean {shadows, Elem, Melee} (curse)
rCorr   +            D - +2 pair of gloves of the Manifest Ordeal {Comp, Melee} (curse)
SInv    +            R - +1 pair of boots of Supernal Wisdom {Fort, Comp} (curse)
Will    .....        p - amulet of Supernal Wisdom {Acrobat, Self, Alch} (curse) Stlth
                     r - ring of Panopticon {rF+, Dev, Self} (curse)
HPRegen 0.38/turn    H - ring of resist corrosion
MPRegen 0.21/turn

%: acrobat, clarity
@: about to teleport
A: fangs 1, strong nose, distributed training
a: Renounce Religion, Curse Item, Shatter the Chains


You were on level 12 of the Dungeon.
You worshipped Ashenzari.
Ashenzari was greatly pleased with you.
You visited 2 branches of the dungeon, and saw 16 of its levels.

You collected 973 gold pieces.
You spent 455 gold pieces at shops.

Inventory:

Hand Weapons
 a - a +3 long sword of freezing (weapon)
 b - a +0 short sword of holy wrath
 o - a +1 broad axe of electrocution
Missiles
 f - 6 atropa-tipped darts
 t - 34 poisoned darts (quivered)
 P - 6 silver javelins
Armour
 u - the cursed scarf of the Ensconced Empyrean (worn) {shadows, Elem, Melee}
   (You found it on level 3 of the Dungeon)

   It has a curse which improves the following skills: Elements: Fire Magic, Ice
   Magic, Air Magic and Earth Magic.
   Melee Combat: Short Blades, Long Blades, Axes, Maces & Flails, Polearms,
   Staves and Unarmed Combat.
 D - the cursed +2 pair of gloves of the Manifest Ordeal (worn) {Comp, Melee}
   (You found it on level 9 of the Dungeon)

   It has a curse which improves the following skills: Companions: Summonings
   and Necromancy.
   Melee Combat: Short Blades, Long Blades, Axes, Maces & Flails, Polearms,
   Staves and Unarmed Combat.
 F - the cursed +7 plate armour "Distant Asceticism" (worn) {Dex+3, Fort, Self}
   (You found it on level 5 of the Dungeon)

   Dex+3:     It affects your dexterity (+3).
   It has a curse which improves the following skills: Fortitude: Armour and
   Shields.
   Introspection: Fighting and Spellcasting.
 I - the cursed +2 helmet "Soothsayer of Ashenzari" (worn) {Bglg, Melee}
   (You found it on level 10 of the Dungeon)

   It has a curse which improves the following skills: Beguiling: Conjurations,
   Hexes and Translocations.
   Melee Combat: Short Blades, Long Blades, Axes, Maces & Flails, Polearms,
   Staves and Unarmed Combat.
 K - a +0 kite shield (worn)
 R - the cursed +1 pair of boots of Supernal Wisdom (worn) {Fort, Comp}
   (You bought it in a shop on level 11 of the Dungeon)

   It has a curse which improves the following skills: Fortitude: Armour and
   Shields.
   Companions: Summonings and Necromancy.
Jewellery
 p - the cursed amulet of Supernal Wisdom (around neck) {Acrobat, Self, Alch}
   (You found it on level 2 of the Dungeon)

   [amulet of the acrobat]

   Acrobat:   It increases your evasion while moving and waiting.
   It has a curse which improves the following skills: Introspection: Fighting
   and Spellcasting.
   Alchemy:   Poison Magic and Transmutations.
 r - the cursed ring of Panopticon (left hand) {rF+, Dev, Self}
   (You found it on level 2 of the Dungeon)

   [ring of protection from fire]

   rF+:       It protects you from fire.
   It has a curse which improves the following skills: Devices: Evocations and
   Shapeshifting.
   Introspection: Fighting and Spellcasting.
 w - a +6 ring of intelligence
 B - a ring of flight
 H - a ring of resist corrosion (right hand)
Wands
 c - a wand of digging (4)
 q - a wand of flame (35)
 s - a wand of iceblast (4)
 y - a wand of charming (21)
 E - a wand of quicksilver (10)
 L - a wand of polymorph (3)
Scrolls
 e - 2 scrolls of blinking
 g - 2 scrolls of poison
 i - 4 scrolls of silence
 k - 3 scrolls of fog
 m - 5 scrolls of teleportation
 n - 3 scrolls of immolation
 v - 3 scrolls of enchant weapon
 x - a scroll of butterflies
 C - 3 scrolls of revelation
 G - 2 scrolls of fear
 O - a scroll of brand weapon
Potions
 d - 2 potions of mutation
 h - 2 potions of curing
 j - 4 potions of ambrosia
 l - 3 potions of heal wounds
 z - 3 potions of attraction
 A - a potion of brilliance
 J - a potion of resistance
 M - a potion of might
 N - 2 potions of haste
 Q - a potion of enlightenment
 S - 2 potions of cancellation


   Skills:
 + Level 9.1(12.7) Fighting
 + Level 8.7(12.3) Short Blades
 + Level 8.7(12.3) Long Blades
 + Level 8.7(12.3) Axes
 + Level 8.7(12.3) Maces & Flails
 + Level 8.7(12.3) Polearms
 + Level 9.9(13.4) Staves
 + Level 8.7 Ranged Weapons
 + Level 9.1 Throwing
 + Level 9.1(11.8) Armour
 + Level 8.7 Dodging
 + Level 9.0 Stealth
 + Level 8.7(11.4) Shields
 + Level 8.7(12.3) Unarmed Combat
 + Level 9.2(12.8) Spellcasting
 + Level 7.2(9.1) Conjurations
 + Level 8.2(10.1) Hexes
 + Level 7.2(10.0) Summonings
 + Level 7.2(10.0) Necromancy
 + Level 7.2(9.1) Translocations
 + Level 7.2(9.1) Transmutations
 + Level 7.2(9.1) Fire Magic
 + Level 7.2(9.1) Ice Magic
 + Level 7.2(9.1) Air Magic
 + Level 7.2(9.1) Earth Magic
 + Level 7.2(9.1) Poison Magic
 + Level 9.9 Invocations
 + Level 8.7(10.5) Evocations
 + Level 7.9(9.8) Shapeshifting


You had 31 spell levels left.
You knew the following spells:

 Your Spells              Type           Power      Damage    Failure   Level
a - Slow                  Hex            100%       N/A       11%         1
b - Blink                 Tloc           64%        N/A       24%         2
c - Tukima's Dance        Hex            34%        N/A       32%         3

Your spell library contained the following spells:

 Spells                   Type           Power      Damage    Failure   Level
 Freeze                   Ice            100%       1d10      16%         1
 Magic Dart               Conj           100%       1d8       16%         1
 Call Imp                 Summ           68%        N/A       17%         2
 Lesser Beckoning         Tloc           64%        N/A       24%         2
 Momentum Strike          Conj/Tloc      64%        3d9       24%         2
 Confusing Touch          Hex            34%        N/A       32%         3
 Dazzling Flash           Conj/Hex       66%        N/A       36%         3
 Inner Flame              Hex/Fire       33%        N/A       36%         3
 Frozen Ramparts          Ice            64%        1d10      43%         3
 Hailstorm                Conj/Ice       32%        3d8       43%         3
 Mephitic Cloud           Conj/Pois/Air  32%        N/A       43%         3
 Volatile Blastmotes      Fire/Tloc      64%        2d15      43%         3
 Dimensional Bullseye     Hex/Tloc       16%        N/A       78%         4
 Summon Ice Beast         Ice/Summ       33%        N/A       80%         4
 Flame Wave               Conj/Fire      32%        2d9       85%         4
 Iskenderun's Mystic Bla  Conj/Tloc      32%        2d8       85%         4
 Manifold Assault         Tloc           32%        N/A       85%         4
 Sticky Flame             Conj/Fire      32%        2d5       85%         4
 Borgnjor's Vile Clutch   Necr/Erth      16%        N/A       98%         5
 Yara's Violent Unravell  Hex/Tmut       16%        3d8       98%         5
 Alistair's Intoxication  Tmut/Pois      21%        N/A       99%         5
 Eringya's Noxious Bog    Tmut/Pois      16%        4d6       100%        6
 Simulacrum               Ice/Necr       16%        N/A       100%        6
 Starburst                Conj/Fire      16%        6d6       100%        6
 Enfeeble                 Hex            17%        N/A       100%        7
 Maxwell's Capacitive Co  Air            16%        ∞         100%        8


Dungeon Overview and Level Annotations

Branches:
Dungeon (12/15)            Temple (0/1) D:6            Lair (4/5) D:10
 Shoals (0/4) Lair:3        Snake (0/4) Lair:2        Slime (0/5) Lair:4
    Orc (0/2) D:12

Altars:
Ashenzari
Cheibriados
Dithmenos
Gozag
Hepliaklqana
Kikubaaqudgha
Nemelex Xobeh
Qazlal
The Shining One

Shops:
D:4 :   D:6 (*   D:8 !   D:11 [::[!   D:12 [

Annotations:
Lair:4 exclusion: oklob plant


Innate Abilities, Weirdness & Mutations

You have very sharp teeth.
Your uncanny sense of smell can sniff out nearby items.
Your experience applies equally to all skills.


Message History

You bite the slime creature, but do no damage.
The slime creature is lightly wounded.
You hit the slime creature. You freeze the slime creature.
The slime creature is moderately wounded.
The slime creature hits you but does no damage.
You block the slime creature's attack.
Two slime creatures merge to form a large slime creature.
The slime creature hits you.
You slash the large slime creature! You freeze the large slime creature.
The large slime creature is moderately wounded.
The slime creature barely misses you.
A large slime creature splits.
You block the slime creature's attack.
You barely miss the large slime creature.
The large slime creature is moderately wounded.
The large slime creature hits you.
You block the slime creature's attack. x2
Two slime creatures merge to form a large slime creature.
You hit the large slime creature. You freeze the large slime creature.
The large slime creature is moderately wounded.
Two slime creatures merge to form a very large slime creature.
The large slime creature hits you!!
Two slime creatures merge to form an enormous slime creature.
You block the slime creature's attack.
You slash the large slime creature! You freeze the large slime creature.
You bite the large slime creature.
The large slime creature is moderately wounded.
The large slime creature hits you but does no damage.
The slime creature hits you but does no damage.
You slash the large slime creature! You freeze the large slime creature.
The large slime creature is heavily wounded.
You block the enormous slime creature's attack.
The large slime creature hits you!!
The slime creature hits you but does no damage.
You slash the large slime creature! You freeze the large slime creature.
The large slime creature is severely wounded.
The enormous slime creature hits you!!
You block the large slime creature's attack.
You block the slime creature's attack.
As you read the scroll of teleportation, it crumbles to dust.
You feel strangely unstable. The enormous slime creature hits you!!!
You die...

.## #.# *,* #### ..# *,* **,* ..#
#####+### *,,* ..# #.......#
*##+######* .###
#.......###*.....>..{####### .'.#
#.......'.#*.........J§.....
.#.#*#.......#.##.........#######
.#...+.......#..#J........*
.#####...(...##.@J........* .#
####'#######J........* .# #.#
*#####+###* ## ##.# ***,* #..#
*,,,* ####.## *,*** **** #
#.....####******+**** ***,,, ###
#..........,**,,,,,,, ..#
#.....#####,,+,,,,,,,


You could see an enormous slime creature, a large slime creature and a slime
creature.

Vanquished Creatures
  A boulder beetle (Lair:2)
  2 two-headed ogres
  A centaur warrior (D:12)
  6 death yaks
  Urug (Lair:1)
  2 deep elf pyromancers (D:12)
  An ugly thing (D:12)
  2 oklob plants (Lair:1)
  2 cyclopes
  A black mamba (Lair:4)
  Joseph (Lair:1)
  3 elephants (Lair:3)
  7 cane toads
  A gargoyle (D:11)
  2 rime drakes
  11 komodo dragons
  A kobold demonologist (D:10)
  2 trolls (D:11)
  5 polar bears
  4 blink frogs (Lair:1)
  A vampire (D:11)
  5 wyverns
  2 shadows
  29 yaks
  3 basilisks
  3 steam dragons
  2 vampire mosquitoes (D:11)
  3 wargs (D:12)
  3 nagas (Lair:2)
  9 water moccasins
  An acid dragon (D:11)
  Duvessa (D:6)
  3 orc warriors
  A sky beast (D:8)
  3 ogres
  3 black bears
  11 wolves (Lair:1)
  4 centaurs
  2 phantoms
  3 kobold brigands
  17 bullfrogs
  A gnoll sergeant (D:10)
  2 scorpions
  11 wights
  Dowan (D:6)
  5 killer bees (D:8)
  2 electric eels (D:6)
  12 howler monkeys
  A hound (D:5)
  7 orc priests
  3 jellies
  7 iguanas
  9 orc wizards
  9 hell rats
  A mummy (D:4)
  6 gnolls
  6 adders
  A white imp (D:7)
  2 worms
  A dart slug (D:3)
  24 orcs
  4 bats
  2 endoplasms (D:4)
  4 giant cockroaches
  10 goblins
  9 hobgoblins
  6 jackals (D:4)
  18 kobolds
  8 quokkas
  11 ball pythons
  2 frilled lizards
  A rat (D:1)
351 creatures vanquished.

Vanquished Creatures (others)
  3 kobolds (D:9)
3 creatures vanquished.

Grand Total: 354 creatures vanquished

Notes
Turn   | Place    | Note
-------+----------+-------------------------------------------
     0 | D:1      | BarneyGumball the Gnoll Wanderer began the quest for the
                  | Orb.
     0 | D:1      | BarneyGumball set off with the following items: a +2
                  | quarterstaff, a +0 pair of boots, a potion of invisibility,
                  | a +0 robe; and the following spell memorised: Slow; and the
                  | following spells available to memorise: Confusing Touch.
     0 | D:1      | Reached XP level 1. HP: 17/17 MP: 4/4
   344 | D:1      | Reached XP level 2. HP: 16/23 MP: 5/5
   742 | D:2      | Reached XP level 3. HP: 23/28 MP: 7/7
  1145 | D:2      | Found a faded altar of an unknown god.
  1153 | D:2      | Prayed at the altar of an unknown god.
  1153 | D:2      | Became a worshipper of Ashenzari the Shackled
  1325 | D:2      | Reached skill level 1 in Short Blades
  1325 | D:2      | Reached skill level 1 in Long Blades
  1325 | D:2      | Reached skill level 1 in Axes
  1325 | D:2      | Reached skill level 1 in Maces & Flails
  1325 | D:2      | Reached skill level 1 in Polearms
  1325 | D:2      | Reached skill level 1 in Ranged Weapons
  1325 | D:2      | Reached skill level 1 in Dodging
  1325 | D:2      | Reached skill level 1 in Shields
  1325 | D:2      | Reached skill level 1 in Unarmed Combat
  1325 | D:2      | Reached skill level 1 in Evocations
  1350 | D:2      | Reached skill level 1 in Shapeshifting
  1350 | D:2      | Reached XP level 4. HP: 17/35 MP: 8/8
  1842 | D:3      | Reached skill level 1 in Conjurations
  1842 | D:3      | Reached skill level 1 in Summonings
  1842 | D:3      | Reached skill level 1 in Necromancy
  1842 | D:3      | Reached skill level 1 in Translocations
  1842 | D:3      | Reached skill level 1 in Transmutations
  1842 | D:3      | Reached skill level 1 in Fire Magic
  1842 | D:3      | Reached skill level 1 in Ice Magic
  1842 | D:3      | Reached skill level 1 in Air Magic
  1842 | D:3      | Reached skill level 1 in Earth Magic
  1842 | D:3      | Reached skill level 1 in Poison Magic
  1933 | D:3      | Reached * piety under Ashenzari
  2253 | D:4      | Found Timiaf's Book Emporium.
  2258 | D:4      | Reached XP level 5. HP: 41/41 MP: 10/10
  2291 | D:4      | Noticed a phantom
  2305 | D:4      | Reached ** piety under Ashenzari
  2432 | D:4      | Found a snail-covered altar of Cheibriados.
  2558 | D:4      | Learned a level 2 spell: Blink
  2596 | D:4      | Learned a level 3 spell: Tukima's Dance
  2735 | D:4      | Reached XP level 6. HP: 47/49 MP: 13/13
  2813 | D:4      | Reached skill level 5 in Staves
  3058 | D:5      | Entered Level 5 of the Dungeon
  3058 | D:5      | Identified the +7 plate armour "Noymo" {Dex+3}
  3221 | D:5      | Reached XP level 7. HP: 56/56 MP: 15/15
  3273 | D:5      | Found an ancient bone altar of Kikubaaqudgha.
  3922 | D:5      | Found a sparkling altar of Nemelex Xobeh.
  3922 | D:5      | Found a shadowy altar of Dithmenos.
  3945 | D:6      | Noticed Dowan
  4009 | D:6      | Found Icoptyb's Weapon Emporium.
  4033 | D:6      | Found Dilophai's General Store.
  4052 | D:6      | Reached *** piety under Ashenzari
  4227 | D:6      | Noticed a steam dragon
  4250 | D:6      | Killed a steam dragon
  4251 | D:6      | Reached XP level 8. HP: 52/65 MP: 18/18
  4315 | D:6      | Found an opulent altar of Gozag.
  4320 | D:6      | Identified the +9 chain mail of Abli {Will+ MP+9 Str+3}
  4538 | D:6      | Noticed Duvessa
  4562 | D:6      | Killed Duvessa
  4588 | D:6      | Killed Dowan
  4663 | D:6      | Found a staircase to the Ecumenical Temple.
  5251 | D:7      | Noticed a wyvern
  5264 | D:7      | Killed a wyvern
  5265 | D:7      | Reached skill level 5 in Hexes
  5265 | D:7      | Reached skill level 5 in Invocations
  5265 | D:7      | Reached XP level 9. HP: 69/72 MP: 20/20
  5287 | D:7      | Reached skill level 5 in Spellcasting
  5557 | D:7      | Reached skill level 5 in Fighting
  5557 | D:7      | Reached skill level 5 in Throwing
  5557 | D:7      | Reached skill level 5 in Armour
  5689 | D:7      | Reached skill level 5 in Stealth
  6262 | D:8      | Found Keh Kili's Distillery.
  6267 | D:8      | Bought a potion of berserk rage for 65 gold pieces
  6267 | D:8      | Bought a potion of invisibility for 104 gold pieces
  6474 | D:8      | Noticed a two-headed ogre
  6489 | D:8      | Killed a two-headed ogre
  6490 | D:8      | Reached skill level 5 in Short Blades
  6490 | D:8      | Reached skill level 5 in Long Blades
  6490 | D:8      | Reached skill level 5 in Axes
  6490 | D:8      | Reached skill level 5 in Maces & Flails
  6490 | D:8      | Reached skill level 5 in Polearms
  6490 | D:8      | Reached skill level 5 in Ranged Weapons
  6490 | D:8      | Reached skill level 5 in Dodging
  6490 | D:8      | Reached skill level 5 in Shields
  6490 | D:8      | Reached skill level 5 in Unarmed Combat
  6490 | D:8      | Reached skill level 5 in Evocations
  6490 | D:8      | Reached XP level 10. HP: 23/82 MP: 22/22
  6680 | D:8      | Found a hazy altar of Hepliaklqana.
  6914 | D:8      | Found a glowing golden altar of the Shining One.
  8058 | D:10     | Entered Level 10 of the Dungeon
  8065 | D:10     | Reached **** piety under Ashenzari
  8092 | D:10     | Noticed a kobold demonologist
  8123 | D:10     | Noticed a sixfirhy
  8138 | D:10     | Noticed a sun demon
  8162 | D:10     | Killed a kobold demonologist
  8163 | D:10     | Reached skill level 5 in Shapeshifting
  9051 | D:10     | Found a staircase to the Lair.
  9699 | D:11     | Found Meipluz's Book Emporium.
  9703 | D:11     | Found Upuril's Book Emporium.
  9723 | D:11     | Reached XP level 11. HP: 78/90 MP: 25/25
  9736 | D:11     | Reached skill level 5 in Conjurations
  9736 | D:11     | Reached skill level 5 in Summonings
  9736 | D:11     | Reached skill level 5 in Necromancy
  9736 | D:11     | Reached skill level 5 in Translocations
  9736 | D:11     | Reached skill level 5 in Transmutations
  9736 | D:11     | Reached skill level 5 in Fire Magic
  9736 | D:11     | Reached skill level 5 in Ice Magic
  9736 | D:11     | Reached skill level 5 in Air Magic
  9736 | D:11     | Reached skill level 5 in Earth Magic
  9736 | D:11     | Reached skill level 5 in Poison Magic
  9865 | D:11     | Found Nircheac's Antique Armour Shoppe.
  9956 | D:11     | Found Errahach's Distillery.
  9961 | D:11     | Bought a potion of haste for 160 gold pieces
 10050 | D:11     | Found Suggewue's Antique Armour Boutique.
 10767 | D:11     | Noticed a cyclops
 10780 | D:11     | Killed a cyclops
 11284 | Lair:1   | Entered Level 1 of the Lair of Beasts
 11284 | Lair:1   | Noticed Joseph
 11437 | Lair:1   | Killed Joseph
 12011 | Lair:1   | Noticed an oklob plant
 12114 | Lair:1   | Reached XP level 12. HP: 56/100 MP: 27/27
 12499 | Lair:1   | Noticed Urug
 12527 | Lair:1   | Killed Urug
 12819 | Lair:2   | Noticed a boulder beetle
 12911 | Lair:2   | Killed a boulder beetle
 14299 | Lair:2   | Noticed a death yak
 14331 | Lair:1   | Killed a death yak
 14411 | Lair:2   | Noticed a death yak
 14411 | Lair:2   | Noticed a death yak
 14434 | Lair:2   | Noticed a death yak
 14438 | Lair:2   | Noticed a death yak
 14439 | Lair:2   | Killed a death yak
 14439 | Lair:2   | Noticed a death yak
 14468 | Lair:1   | Killed a death yak
 14721 | Lair:2   | Found a staircase to the Snake Pit.
 14826 | Lair:1   | Killed a death yak
 14893 | Lair:1   | Killed a death yak
 14948 | Lair:2   | Killed a death yak
 15087 | Lair:2   | Reached XP level 13. HP: 82/108 MP: 29/29
 15305 | D:11     | Bought a pair of boots for 126 gold pieces
 15585 | Lair:3   | Found a staircase to the Shoals.
 16319 | Lair:2   | Upgraded the game from 0.31-a0-716-gc760375 to
                  | 0.31-a0-726-g3c93526
 16990 | Lair:4   | Found a staircase to the Slime Pits.
 17654 | Lair:4   | Found an opulent altar of Gozag.
 18580 | D:12     | Found a stormy altar of Qazlal.
 18697 | D:12     | Found Parayxev's Antique Armour Shoppe.
 18876 | D:12     | Found a staircase to the Orcish Mines.
 18956 | D:12     | Demolished by an enormous slime creature

Illustrated notes

Levels and vault maps discovered:
D:1:      mainiacjoe_arrival_reflecting_pool, layout_basic,
          minmay_split_cup_small
D:2:      layout_basic, shapermc_ecumenical_altar_flowoftime,
          hangedman_decor_lopped, chequers_mini_garden, patterned_corridor
D:3:      layout_rooms, nicolae_figureground_pulse
D:4:      layout_loops_ring, slow_altar_1, serial_shops, nicolae_stop_n_shop_1
D:5:      layout_loops_cross, nicolae_overflow_crystal_walls,
          gammafunk_temple_overflow_wave, dreamdust_wishing_well
D:6:      layout_cave_pods, amcnicky_altar_gilded, minmay_temple_entry_statues,
          hangedman_abyss_or_decor_stagger, minmay_gold_behind_fungi,
          nicolae_wooded_promenade, uniq_duvessa
D:7:      minmay_the_grid_triangle_9x9_recursive_2
          [minmay_the_grid_triangle_9x9_prize_center,
          minmay_the_grid_triangle_9x9_zippers_horizontal,
          minmay_the_grid_triangle_9x9_pentomino_pain,
          minmay_the_grid_triangle_9x9_stretched_checkered], layout_basic,
          grunt_temple_overflow_open
D:8:      layout_basic, nicolae_hepliaklqana_hazy_memory, lemuel_round_altar,
          serial_shops, shop
D:9:      layout_loops_ring
D:10:     layout_long_grid, due_lair_maze_entry_diamond
D:11:     layout_basic, serial_shops, nicolae_diamond_shop, shop,
          nicolae_shop_overgrown_old_shop, shop, nicolae_shop_crystal
D:12:     layout_roguey, minmay_orc_entry_guard_dogs, serial_shops,
          nicolae_shop_overgrown_old_shop, nicolae_qazlal_scattered_showers
Lair:1:   layout_layer_cave, beast_lair_carwin_3, grunt_megastairs_3,
          serial_bayou_shore_b, uniq_urug, uniq_joseph
Lair:2:   layout_misc_corridors, nicolae_snake_entry_squirm,
          cheibrodos_lair_lostbears
Lair:3:   layout_concentric_octagons, elwin_shoals_entry_rocks,
          beast_lair_carwin_5
Lair:4:   layout_cave_shapes, slime_entry_1, lemuel_oklob_altar

Skill      XL: |  1  2  3  4  5  6  7  8  9 10 11 12 13 |
---------------+----------------------------------------+-----
Short Blades   | 1 2 3 5 7 8 |  8.7
Long Blades    | 1 2 3 5 7 8 |  8.7
Axes           | 1 2 3 5 7 8 |  8.7
Maces & Flails | 1 2 3 5 7 8 |  8.7
Polearms       | 1 2 3 5 7 8 |  8.7
Ranged Weapons | 1 2 3 5 7 8 |  8.7
Dodging        | 1 2 3 5 7 8 |  8.7
Shields        | 1 2 3 5 7 8 |  8.7
Unarmed Combat | 1 2 3 5 7 8 |  8.7
Evocations     | 1 2 3 5 7 8 |  8.7
Shapeshifting  | 1 2 3 4 5 6 7 |  7.9
Spellcasting   | 3 4 5 6 7 8 9 |  9.2
Conjurations   | 1 2 3 4 5 6 7 |  7.2
Summonings     | 1 2 3 4 5 6 7 |  7.2
Necromancy     | 1 2 3 4 5 6 7 |  7.2
Translocations | 1 2 3 4 5 6 7 |  7.2
Transmutations | 1 2 3 4 5 6 7 |  7.2
Fire Magic     | 1 2 3 4 5 6 7 |  7.2
Ice Magic      | 1 2 3 4 5 6 7 |  7.2
Air Magic      | 1 2 3 4 5 6 7 |  7.2
Earth Magic    | 1 2 3 4 5 6 7 |  7.2
Poison Magic   | 1 2 3 4 5 6 7 |  7.2
Invocations    | 3 4 5 6 7 8 9 |  9.9
Fighting       | 3 4 5 6 7 8 9 |  9.1
Throwing       | 3 4 5 6 7 8 9 |  9.1
Armour         | 3 4 5 6 7 8 9 |  9.1
Hexes          | 4 5 6 7 8 |  8.2
Stealth        | 3 4 5 6 7 8 9 |  9.0
Staves         | 5 6 7 8 9 |  9.9

Action                     |  1- 3 |  4- 6 |  7- 9 | 10-12 | 13-15 || total
---------------------------+-------+-------+-------+-------+-------++-------
  Melee: Quarterstaff      |    75 |   177 |   328 |    30 |       ||   610
         Bite              |     7 |    15 |    42 |   135 |    62 ||   261
         Long sword        |       |       |       |   812 |   351 ||  1163
  Throw: Dart              |       |       |    17 |    54 |    36 ||   107
   Cast: Slow              |       |     1 |       |       |       ||     1
 Invoke: Curse Item        |     1 |     3 |     1 |     2 |     1 ||     8
         Shatter the Chain |       |       |       |       |     1 ||     1
  Evoke: Wand              |       |       |     8 |     2 |       ||    10
    Use: Potion            |       |       |     5 |     1 |     1 ||     7
         Scroll            |       |       |       |     7 |     3 ||    10
   Stab: Sleeping          |     2 |     5 |       |       |       ||     7
         Distracted        |       |     2 |       |       |       ||     2
         Invisible         |       |       |     2 |       |       ||     2
 Armour: Robe              |    27 |       |       |       |       ||    27
         Leather armour    |     6 |    43 |       |       |       ||    49
         Plate armour      |       |    36 |   264 |   693 |   205 ||  1198
  Dodge: Dodged            |    48 |    70 |    84 |   191 |    60 ||   453
  Block: Kite shield       |       |       |       |   481 |   150 ||   631

Table legend: (Time is in decaauts)
 A = Elapsed time spent in this place.
 B = Non-inter-level travel time spent in this place.
 C = Inter-level travel time spent in this place.
 D = Time resting spent in this place.
 E = Time spent auto-exploring this place.
 F = Levels seen in this place.
 G = Mean time per level.
                   A        B        C        D        E       F      G
               +--------+--------+--------+--------+--------+-----+--------+
         Total |  18977 |  17870 |   1107 |   2375 |  10529 |  16 | 1186.1 |
       Dungeon |  12537 |  12005 |    532 |   1037 |   7751 |  12 | 1044.8 |
          Lair |   6440 |   5865 |    575 |   1338 |   2778 |   4 | 1610.0 |
               +--------+--------+--------+--------+--------+-----+--------+

Top non-repeatable levels by time:
  Lair:1: 2622 daAuts
    D:10: 2074 daAuts
    D:11: 1778 daAuts
  Lair:2: 1443 daAuts
     D:8: 1350 daAuts
  Lair:3: 1319 daAuts
     D:6: 1199 daAuts
     D:2: 1128 daAuts
  Lair:4: 1055 daAuts
     D:5: 901 daAuts
     D:7: 870 daAuts
     D:4: 818 daAuts
     D:1: 681 daAuts
     D:9: 669 daAuts
    D:12: 612 daAuts
